 Dungeon Crawl Stone Soup version 0.25-a0-492-g44cc58d (webtiles) character file.

Game seed: 16471581733518035119, levelgen mode: deterministic

842 Faca the Skirmisher (level 7, -6/64 HPs)
             Began as a White Draconian Conjurer on Feb 11, 2020.
             Killed from afar by Ijyb (15 damage)
             ... with a bolt of acid
             ... on level 4 of the Dungeon.
             The game lasted 00:19:39 (6181 turns).

Faca the Skirmisher (White Draconian Conjurer)      Turns: 6181, Time: 00:19:40

Health: -6/64      AC:  6    Str: 10    XL:     7   Next: 67%
Magic:  12/13      EV: 12    Int: 17    God:
Gold:   182        SH:  0    Dex: 12    Spells: 13/14 levels left

rFire    . . .     SeeInvis .   j - +2 dagger (venom)
rCold    + . .     Gourm    .   (no shield)
rNeg     . . .     Faith    .   (armour unavailable)
rPois    .         Spirit   .   (helmet restricted)
rElec    .         Reflect  .   (no cloak)
rCorr    .         Harm     .   (no gloves)
MR       .....                  (no boots)
Stlth    ++........             (no amulet)
HPRegen  0.20/turn              (no ring)
MPRegen  0.13/turn              (no ring)

@: no status effects
A: breathe frost, unfitting armour, cold resistance 1, cold-blooded, AC +6
a: Breathe Frost


You were on level 4 of the Dungeon.
You were not hungry.

You visited 1 branch of the dungeon, and saw 4 of its levels.
You also visited: Ossuary.

You collected 182 gold pieces.

Inventory:

Hand Weapons
 j - a +2 dagger of venom (weapon)
Missiles
 q - 11 poisoned darts (quivered)
Scrolls
 a - a scroll of remove curse
 d - 3 scrolls of teleportation
 i - a scroll of blinking {unknown}
 n - a scroll of amnesia
Potions
 e - a potion of haste {unknown}
 f - 4 potions of might
 g - 2 potions of brilliance {unknown}
 h - 3 potions of curing
 k - 3 potions of flight {unknown}
 l - a potion of resistance
 m - a potion of agility {unknown}
 p - 2 potions of heal wounds
Comestibles
 b - 3 rations
 o - 6 chunks of flesh


   Skills:
 + Level 6.5 Fighting
 + Level 1.2 Short Blades
 - Level 1.7 Dodging
 - Level 1.7 Stealth
 - Level 4.0 Spellcasting
 + Level 6.0 Conjurations


You had 13 spell levels left.
You knew the following spells:

 Your Spells              Type           Power        Failure   Level  Hunger
a - Magic Dart            Conj           ###.         1%          1    None

Your spell library contained the following spells:

 Spells                   Type           Power        Failure   Level  Hunger
 Searing Ray              Conj           ###...       1%          2    ##.....
 Dazzling Flash           Conj/Hex       ##....       14%         3    ###....
 Fulminant Prism          Conj/Hex       ##........   41%         4    ####...
 Iskenderun's Mystic Bla  Conj/Tloc      ##......     41%         4    ####...


Dungeon Overview and Level Annotations

Branches:
Dungeon (4/15)            Ossuary (visited)
 Temple: D:4-7

Altars:
Cheibriados

Annotations:
D:4 Ijyb


Innate Abilities, Weirdness & Mutations

You can breathe waves of freezing cold.
You can buffet flying creatures when you breathe cold.
Your icy white scales are hard. (AC +6)
You cannot fit into any form of body armour.
Your flesh is cold resistant. (rC+)
You are cold-blooded and may be slowed by cold attacks.


Message History

Press: ? - help, Shift-Dir - straight line, f/p - Ijyb
Aim: Ijyb, wielding a +0 club, wearing a +0 leather armour and carrying a wand of acid (7)
You throw a poisoned dart.
The poisoned dart completely misses Ijyb.
Throwing (i - inventory)
q - 12 poisoned darts (quivered)
Press: ? - help, Shift-Dir - straight line, f/p - Ijyb
Aim: Ijyb, wielding a +0 club, wearing a +0 leather armour and carrying a wand of acid (7)
You throw a poisoned dart. The poisoned dart hits Ijyb.
Ijyb zaps a wand.
The bolt of acid hits you!
You are splashed with acid!
Casting: Magic Dart (safe; 1% risk of failure)
Confirm with . or Enter, or press ? or * to list all spells.
Aiming: Magic Dart (safe; 1% risk of failure)
Press: ? - help, Shift-Dir - straight line, f/p - Ijyb
Aim: Ijyb, wielding a +0 club, wearing a +0 leather armour and carrying a wand of acid (6)
The magic dart hits Ijyb.
Ijyb is lightly wounded.
Ijyb zaps a wand.
The bolt of acid hits you!
You are splashed with acid!
* * * LOW HITPOINT WARNING * * *
Ijyb zaps a wand.
The bolt of acid hits you!
You die...

(########## ..........#
...(......# ..........#
.....g.รท..#
..........# .#
..........####### .#
[..##.....@.....# .# ##
#...........# .###
#...........# .+.#.#
..+...........# )#.#.#
#.##...........#
.#.#.#.#.##..........(#
...#...#..............#
....# #..#...........#
#...####..#...........#


You could see Ijyb.

Vanquished Creatures
  6 killer bees (D:3)
  A howler monkey (D:4)
  A hound (D:4)
  3 jellies (D:2)
  An orc wizard (D:3)
  A worker ant (D:4)
  7 big kobold zombies (Ossuary)
  A mummy (Ossuary)
  7 adders
  10 oozes
  2 worms
  A dart slug (D:1)
  A leopard gecko (D:4)
  5 orcs
  2 spectral bats (Ossuary)
  8 giant cockroaches
  5 gnoll zombies (Ossuary)
  3 goblins
  11 hobgoblins
  A quokka (D:3)
  2 ball pythons
  4 bats
  A bat simulacrum (Ossuary)
  8 frilled lizards
  A goblin simulacrum (Ossuary)
  9 goblin zombies (Ossuary)
  A hobgoblin zombie (Ossuary)
  15 kobolds
  6 kobold simulacra (Ossuary)
  4 kobold zombies (Ossuary)
  4 orc zombies (Ossuary)
  7 rats
  3 rat simulacra (Ossuary)
  A spectral goblin (Ossuary)
  2 spectral kobolds (Ossuary)
  4 spectral rats (Ossuary)
149 creatures vanquished.

Vanquished Creatures (others)
  4 fungi (D:2)
  7 toadstools (D:2)
11 creatures vanquished.

Grand Total: 160 creatures vanquished

Notes
Turn   | Place    | Note
-------+----------+-------------------------------------------
     0 | D:1      | Faca the Draconian Conjurer began the quest for the Orb.
     0 | D:1      | Reached XP level 1. HP: 14/14 MP: 3/3
     2 | D:1      | Noticed a minotaur
     2 | D:1      | Noticed a centaur
     4 | D:1      | Noticed an octopode
     4 | D:1      | Noticed a demigod
     6 | D:1      | Noticed a demonspawn
     6 | D:1      | Noticed a felid
     8 | D:1      | Noticed a merfolk
     8 | D:1      | Noticed a spriggan
    10 | D:1      | Noticed a ghoul
    12 | D:1      | Noticed a draconian
    14 | D:1      | Noticed a troll
    14 | D:1      | Noticed a vampire
    16 | D:1      | Noticed a vine stalker
    16 | D:1      | Noticed a formicid
    28 | D:1      | Noticed a halfling
    28 | D:1      | Noticed a human
    30 | D:1      | Noticed an ogre
    30 | D:1      | Noticed a gargoyle
    32 | D:1      | Noticed an elf
    32 | D:1      | Noticed a dwarf
    34 | D:1      | Noticed a naga
    34 | D:1      | Noticed a tengu
   110 | D:1      | Reached skill level 1 in Fighting
   523 | D:1      | Reached XP level 2. HP: 23/23 MP: 5/5
  1198 | D:1      | Reached XP level 3. HP: 27/29 MP: 6/6
  2078 | D:2      | Reached XP level 4. HP: 30/37 MP: 1/8
  2437 | D:2      | Found a snail-covered altar of Cheibriados.
  2847 | D:1      | Reached XP level 5. HP: 32/45 MP: 10/10
  3828 | D:3      | Reached XP level 6. HP: 46/53 MP: 12/12
  4103 | D:3      | Reached skill level 5 in Fighting
  4458 | D:3      | Reached skill level 5 in Conjurations
  4461 | D:3      | Your scales start taking on an icy white colour.
  4461 | D:3      | Reached XP level 7. HP: 33/61 MP: 13/13
  4461 | D:3      | Gained mutation: Your flesh is cold resistant. (rC+) [White
                  | Draconian growth]
  5048 | D:4      | Found a sand-covered staircase.
  5055 | Ossuary  | Entered an ossuary
  6120 | D:4      | Reached skill level 1 in Short Blades
  6173 | D:4      | Noticed Ijyb
  6181 | D:4      | Killed from afar by Ijyb

Levels and vault maps discovered:
D:1:      kb_arrival_jail, layout_basic
D:2:      cheibrodos_fertilizer, layout_basic, lemuel_coloured_pillars_altar
D:3:      layout_rooms, serial_curves, eino_curves_02, eino_curves_02
D:4:      layout_basic, first_ration, nicolae_ossuary_entry_ruins,
          kennysheep_generic_room_7, uniq_ijyb

Skill      XL: |  1  2  3  4  5  6  7 |
---------------+----------------------+-----
Fighting       | 1 2 3 4 5 6 |  6.5
Spellcasting   | 3 4 |  4.0
Conjurations   | 5 6 |  6.0
Short Blades   | 1 |  1.2
Dodging        | |  1.7
Stealth        | |  1.7

Action                   |  1- 3 |  4- 6 |  7- 9 || total
-------------------------+-------+-------+-------++-------
Melee: Unarmed           |    81 |       |       ||    81
       Tailslap          |    12 |    15 |    43 ||    70
       Short sword       |    85 |     7 |       ||    92
       Dagger            |       |   162 |   333 ||   495
Throw: Dart              |       |       |     3 ||     3
 Cast: Magic Dart        |    17 |    11 |     7 ||    35
  Use: Scroll            |       |    11 |     1 ||    12
 Stab: Sleeping          |     4 |     3 |     7 ||    14
  Eat: Chunk             |     4 |     3 |     4 ||    11
       Ration            |       |     1 |     1 ||     2
Armor: Skin              |    73 |    43 |   105 ||   221
Dodge: Dodged            |   123 |   106 |   188 ||   417

Table legend:
 A = Non-vault XP
 B = Vault XP
 C = Vault XP percentage of total XP
 D = Non-vault monster count
 E = Vault monster count
 F = Vault count percentage of total count
                 A         B        C        D         E       F
            +---------+---------+-------+---------+---------+-------
      Total |     761 |     442 |  36.7 |      80 |      69 |  46.3
            +---------+---------+-------+---------+---------+-------
        D:1 |      42 |       7 |  14.3 |      26 |       1 |   3.7
        D:2 |      90 |     188 |  67.6 |      16 |      17 |  51.5
        D:3 |     491 |       0 |   0.0 |      31 |       0 |   0.0
        D:4 |     138 |       0 |   0.0 |       7 |       0 |   0.0
    Ossuary |       0 |     247 | 100.0 |       0 |      51 | 100.0
            +---------+---------+-------+---------+---------+-------
